 Dungeon Crawl Stone Soup version 0.31.0-12-g77e489cdc1 (webtiles) character file.

Game seed: 5682977354939602266

9003 ChadusMaximus the Summoner (level 11, -2/74 HPs)
             Began as a Barachi Summoner on Mar 3, 2024.
             Was a Believer of Hepliaklqana.
             Killed from afar by an electric eel (15 damage)
             ... with a bolt of electricity
             ... on level 10 of the Dungeon.
             The game lasted 00:15:58 (11237 turns).

ChadusMaximus the Summoner (Barachi Summoner)      Turns: 11237, Time: 00:15:58

Health: -2/74      AC: 13    Str:  9    XL:     11   Next: 39%
Magic:  13/23      EV: 17    Int: 22    God:    Hepliaklqana [**....]
Gold:   214        SH:  0    Dex: 14    Spells: 12/26 levels left

rFire   . . .        p - +4 war axe "Jaotah" {freeze, Int+3 SInv}
rCold   . . .        (no shield)
rNeg    . . .        d - +2 robe
rPois   +            y - +2 helmet
rElec   .            (no cloak)
rCorr   .            j - +2 pair of gloves
SInv    +            A - +2 pair of boots
Will    .....        (no amulet)
Stlth   ++           g - ring of wizardry
HPRegen 0.32/turn    c - ring of poison resistance
MPRegen 0.18/turn

%: wizardry (x1)
@: inugami summoned, slow
A: reduced essence, amphibious, slowness 1, strong legs 1, +LOS
a: Hop, Renounce Religion, Recall Ancestor, Ancestor Identity


You were on level 10 of the Dungeon.
You worshipped Hepliaklqana.
Hepliaklqana was pleased with you.
You visited 2 branches of the dungeon, and saw 11 of its levels.

You collected 521 gold pieces.
You spent 307 gold pieces at shops.

Inventory:

Hand Weapons
 e - a +0 dagger
 i - a +0 sling
 p - the +4 war axe "Jaotah" (weapon) {freeze, Int+3 SInv}
   (You found it on level 2 of the Dungeon)

   Int+3:     It affects your intelligence (+3).
   SInv:      It lets you see invisible.
Armour
 a - a +0 robe
 d - a +2 robe (worn)
 j - a +2 pair of gloves (worn)
 y - a +2 helmet (worn)
 A - a +2 pair of boots (worn)
 N - a +0 buckler
Jewellery
 c - a ring of poison resistance (right hand)
 g - a ring of wizardry (left hand)
 x - a ring of protection from fire
 I - a ring of protection from fire
 M - a ring of positive energy
Wands
 v - a wand of digging (5)
 B - a wand of flame (30)
 E - a wand of iceblast (9)
 L - a wand of paralysis (5)
Scrolls
 f - 2 scrolls of silence
 h - 5 scrolls of teleportation
 k - 4 scrolls of noise
 l - 2 scrolls of torment
 m - a scroll of vulnerability
 o - 3 scrolls of poison
 s - 3 scrolls of immolation
 w - a scroll of blinking
 C - a scroll of amnesia {unknown}
 D - 3 scrolls of fear {unknown}
 F - a scroll of revelation {unknown}
 G - 2 scrolls of fog {unknown}
 J - 3 scrolls of identify
Potions
 b - a potion of magic
 n - 3 potions of invisibility {unknown}
 q - 3 potions of degeneration {unknown}
 r - a potion of attraction
 t - a potion of cancellation {unknown}
 u - a potion of heal wounds {unknown}
 z - 3 potions of curing
 H - a potion of might {unknown}
 K - a potion of ambrosia


   Skills:
 + Level 6.7 Fighting
 + Level 10.8 Dodging
 - Level 1.8 Stealth
 - Level 8.1 Spellcasting
 - Level 13.8 Summonings


You had 12 spell levels left.
You knew the following spells:

 Your Spells              Type           Power      Damage    Failure   Level
a - Summon Small Mammal   Summ           100%       N/A       1%          1
b - Call Canine Familiar  Summ           63%        N/A       1%          3
c - Call Imp              Summ           100%       N/A       1%          2
d - Summon Lightning Spi  Summ/Air       39%        N/A       1%          4
e - Summon Blazeheart Go  Fire/Summ      39%        N/A       1%          4

Your spell library contained the following spells:

 Spells                   Type           Power      Damage    Failure   Level
 Frozen Ramparts          Ice            16%        1d3       9%          3
 Fugue of the Fallen      Necr           8%         N/A       9%          3
 Gell's Gravitas          Tloc           8%         N/A       9%          3
 Inner Flame              Hex/Fire       8%         N/A       9%          3
 Ozocubu's Armour         Ice            8%         N/A       9%          3
 Sigil of Binding         Hex            8%         N/A       9%          3
 Teleport Other           Tloc           8%         N/A       9%          3
 Volatile Blastmotes      Fire/Tloc      16%        2d11      9%          3
 Dimensional Bullseye     Hex/Tloc       4%         N/A       28%         4
 Flame Wave               Conj/Fire      8%         2d5       28%         4
 Fulminant Prism          Conj/Alch      4%         3d5       28%         4
 Iskenderun's Mystic Bla  Conj/Tloc      8%         2d4       28%         4
 Leda's Liquefaction      Alch/Erth      4%         N/A       28%         4
 Manifold Assault         Tloc           8%         N/A       28%         4
 Petrify                  Alch/Erth      8%         N/A       28%         4
 Sticky Flame             Fire/Alch      8%         2d4       28%         4
 Metabolic Englaciation   Hex/Ice        4%         N/A       58%         5
 Dispersal                Tloc           4%         N/A       98%         6


Dungeon Overview and Level Annotations

Branches:
Dungeon (10/15)            Temple (1/1) D:6            Lair (0/5) D:9
    Orc: D:9-12

Altars:
Ashenzari
Cheibriados
Dithmenos
Elyvilon
Fedhas
Gozag
Hepliaklqana
Kikubaaqudgha
Makhleb
Nemelex Xobeh
Okawaru
Qazlal
Ru
Sif Muna
Trog
Uskayaw
Vehumet
Wu Jian
Xom
Yredelemnul
Zin
The Shining One

Shops:
D:3 [?   D:7 [*[

Annotations:
D:3 2 transporters, pzskc383's ghost, amateur GrFi
D:6 2 transporters, Computerfleisch's ghost, novice MiFi


Innate Abilities, Weirdness & Mutations

Your life essence is reduced to manifest your ancestor. (-10% HP)
You are amphibious.
You cover ground slowly.
You can hop short distances.
You have an extended range of vision and can be seen from far away.


Message History

The electric eel shoots out a bolt of lightning at you!
The bolt of electricity hits you!
The electric eel shoots out a bolt of lightning at you!
The bolt of electricity hits you!
Casting: Summon Lightning Spire (dangerous; 1% risk of failure)
Confirm with . or Enter, or press ? or * to list all spells.
An electric hum fills the air.
Your lightning spire disappears in a puff of smoke!
You swap places.
The electric eel shoots out a bolt of lightning at you!
The bolt of electricity hits Necuametl!
The bolt of electricity misses you.
The electric eel shoots out a bolt of lightning at you!
The bolt of electricity hits Necuametl.
The bolt of electricity hits your inugami!
The bolt of electricity hits you!
The electric eel shoots out a bolt of lightning at you!
The bolt of electricity hits Necuametl!
The bolt of electricity hits your inugami.
The bolt of electricity misses you.
Casting: Summon Lightning Spire (dangerous; 1% risk of failure)
Confirm with . or Enter, or press ? or * to list all spells.
You imbue your familiar with magical energy and its fangs glint viciously.
The electric eel shoots out a bolt of lightning at you!
The bolt of electricity hits Necuametl!
Necuametl is destroyed!
The bolt of electricity hits your inugami.
The bolt of electricity hits you!
The electric eel shoots out a bolt of lightning at you!
The bolt of electricity hits your inugami!
The bolt of electricity hits you!
The electric eel shoots out a bolt of lightning at you!
The bolt of electricity hits your inugami.
The bolt of electricity hits you!
* * * LOW HITPOINT WARNING * * *
The bolt of electricity hits you!
* * * LOW HITPOINT WARNING * * *
The electric eel shoots out a bolt of lightning at you!
The bolt of electricity hits your inugami.
The bolt of electricity hits you!
You die...

.~~#~~≈≈≈≈≈≈≈≈≈≈≈≈≈S≈
~≈≈≈≈≈≈≈≈≈≈~≈≈≈≈~≈≈~~
≈≈≈≈≈≈≈≈≈≈~~.~~~S.~~. ~≈
#≈≈≈≈≈~≈~#..~.#..~.. ~~~
#~~#≈~....8..h..
#~..###~.#.#..#....#.#
#....................# ..
#...##...#.#..##.###.....
......<.........@........
#...##...#.#..##.###.#...
#. #...............
.......#.#..##.#.#.
..##.............# #..
#..##........... ..
...........#.#.## #
.##...........#.# .
...............


You could see 2 electric eels, a friendly lightning spire (summoned) and a
friendly inugami (summoned).

Vanquished Creatures
  6 yaks
  2 water moccasins (D:7)
  2 orc warriors (D:9)
  2 centaurs
  A phantom (D:4)
  2 bullfrogs (D:8)
  A scorpion (D:4)
  2 killer bees (D:9)
  A bombardier beetle (D:7)
  A howler monkey (D:9)
  A jelly (D:6)
  4 hounds
  3 sleepcaps
  2 iguanas
  An orc wizard (D:9)
  4 gnolls
  10 adders
  4 dart slugs
  13 orcs
  A bat (D:3)
  4 endoplasms
  A giant cockroach (D:3)
  16 goblins
  13 hobgoblins
  8 kobolds
  5 quokkas
  10 ball pythons
  6 rats
126 creatures vanquished.

Vanquished Creatures (collateral kills)
  A death yak (D:8)
  An elephant (D:9)
  Maggie (D:8)
  Psyche (D:9)
  A hornet (D:7)
  Prince Ribbit (D:9)
  Grinder (D:5)
  12 yaks
  2 water moccasins
  2 orc warriors
  3 black bears
  3 ogres
  3 centaurs
  A kobold brigand (D:8)
  A scorpion (D:5)
  2 bullfrogs
  A gnoll sergeant (D:9)
  8 wights (D:7)
  5 killer bees (D:9)
  An electric eel (D:10)
  A bombardier beetle (D:5)
  A jelly (D:8)
  An orc priest (D:4)
  A sleepcap (D:7)
  2 gnoll boudas
  4 iguanas
  6 orc wizards
  24 gnolls
  3 adders
  2 white imps
  3 dart slugs
  13 orcs
  A bat (D:1)
  11 hobgoblins (D:4)
  9 kobolds
  A nameless horror (D:7)
  A quokka (D:1)
  A ball python (D:1)
  18 goblins
  A rat (D:1)
155 creatures vanquished.

Vanquished Creatures (others)
  2 knights
  An orc wizard (D:5)
  2 ancestors (D:7)
  An endoplasm (D:4)
6 creatures vanquished.

Grand Total: 287 creatures vanquished

Notes
Turn   | Place    | Note
-------+----------+-------------------------------------------
     0 | D:1      | ChadusMaximus the Barachi Summoner began the quest for the
                  | Orb.
     0 | D:1      | Reached XP level 1. HP: 13/13 MP: 3/3
   121 | D:1      | Reached skill level 5 in Summonings
   128 | D:1      | Reached XP level 2. HP: 19/19 MP: 3/5
   196 | D:1      | Noticed a glass eye
   197 | D:1      | Found a faded altar of an unknown god.
   197 | D:1      | Noticed an eye of devastation
   198 | D:1      | Noticed an eye of devastation
   199 | D:1      | Noticed a great orb of eyes
   952 | D:2      | Reached XP level 3. HP: 24/24 MP: 6/6
   982 | D:2      | Learned a level 3 spell: Call Canine Familiar
   985 | D:2      | Learned a level 2 spell: Call Imp
  1324 | D:2      | Identified the +4 war axe "Jaotah" {freeze, Int+3 SInv}
  1543 | D:3      | Identified the +0 chain mail of Minor Irritation {rPois
                  | rN+}
  1613 | D:3      | Found a transporter.
  1660 | D:3      | Found an ancient bone altar of Kikubaaqudgha.
  1666 | D:3      | Reached XP level 4. HP: 24/30 MP: 8/8
  1813 | D:3      | Identified the +8 spear "Unweuhal" {venom, *Noise ^Fragile
                  | Fly rElec}
  1822 | D:3      | Noticed pzskc383's ghost (amateur GrFi)
  1836 | D:3      | Found a transporter.
  1972 | D:3      | Found Kosolapi's Armour Shop.
  2021 | D:3      | Reached skill level 6 in Summonings
  2152 | D:3      | Found The Oracle's Delphic Readings.
  2169 | D:3      | Reached XP level 5. HP: 35/35 MP: 9/9
  2698 | D:4      | Noticed a water moccasin
  2722 | D:4      | Killed a water moccasin
  2723 | D:4      | Reached skill level 7 in Summonings
  2723 | D:4      | Reached XP level 6. HP: 12/41 MP: 4/11
  3100 | D:4      | Reached XP level 7. HP: 10/46 MP: 7/13
  3403 | D:4      | Reached skill level 8 in Summonings
  4070 | D:4      | Reached skill level 5 in Dodging
  4298 | D:4      | Learned a level 4 spell: Summon Lightning Spire
  4478 | D:4      | Reached XP level 8. HP: 46/52 MP: 15/15
  4573 | D:4      | Reached skill level 9 in Summonings
  4933 | D:5      | Entered Level 5 of the Dungeon
  4987 | D:5      | Reached skill level 5 in Spellcasting
  5723 | D:5      | Reached skill level 10 in Summonings
  5782 | D:5      | Noticed Grinder
  5791 | D:5      | Killed Grinder
  6221 | D:3      | Bought a +2 robe for 127 gold pieces
  6391 | D:6      | Reached XP level 9. HP: 57/57 MP: 17/17
  6418 | D:6      | Reached skill level 11 in Summonings
  6616 | D:6      | Found a staircase to the Ecumenical Temple.
  6630 | Temple   | Entered the Ecumenical Temple
  6640 | Temple   | Became a worshipper of Hepliaklqana the Forgotten
  6726 | D:6      | Noticed a queen bee
  6733 | D:6      | Noticed Computerfleisch's ghost (novice MiFi)
  6742 | D:6      | Found a transporter.
  6745 | D:6      | Found a transporter.
  6791 | D:6      | Found an iron altar of Okawaru.
  6791 | D:6      | Found a burning altar of Makhleb.
  6794 | D:6      | Found a white marble altar of Elyvilon.
  6797 | D:6      | Found a snail-covered altar of Cheibriados.
  6799 | D:6      | Found a bloodstained altar of Trog.
  6884 | D:6      | Found a shimmering altar of Xom.
  6889 | D:6      | Found a blossoming altar of Fedhas.
  6893 | D:6      | Found an ornate altar of the Wu Jian Council.
  7507 | D:7      | Reached skill level 12 in Summonings
  7558 | D:7      | Reached * piety under Hepliaklqana
  7672 | D:7      | Reached XP level 10. HP: 56/56 MP: 17/20
  7754 | D:7      | Found Oroef's Antique Armour Emporium.
  7784 | D:7      | Bought a pair of glowing boots for 180 gold pieces
  8187 | D:7      | Found Reof's Antique Armour Emporium.
  8250 | D:7      | Found Malah's Serpentskin Sales.
  8261 | D:7      | Reached skill level 13 in Summonings
  8519 | D:8      | Reached ** piety under Hepliaklqana
  8522 | D:8      | Remembered your ancestor Necuametl as a knight
  9368 | D:8      | Noticed Maggie
  9399 | D:8      | Killed Maggie
  9456 | D:8      | Learned a level 4 spell: Summon Blazeheart Golem
  9499 | D:9      | Noticed Prince Ribbit
  9506 | D:9      | Killed Prince Ribbit
  9507 | D:9      | Reached skill level 1 in Fighting
  9520 | D:9      | Noticed an elephant
  9724 | D:9      | Noticed a death yak
  9724 | D:9      | Found a staircase to the Lair.
  9734 | D:8      | Killed a death yak
 10073 | D:9      | Reached XP level 11. HP: 63/69 MP: 14/23
 10240 | D:9      | Reached skill level 5 in Fighting
 10240 | D:9      | Reached skill level 10 in Dodging
 11075 | D:9      | Noticed Psyche
 11083 | D:9      | Killed Psyche
 11152 | D:10     | Entered Level 10 of the Dungeon
 11237 | D:10     | Killed from afar by an electric eel

Illustrated notes

Levels and vault maps discovered:
D:1:      minmay_arrival_pointy, layout_loops_ring,
          hellmonk_ecumenical_altar_watching_god
D:2:      layout_basic
D:3:      layout_loops_ring, nicolae_overflow_crystal_walls, serial_shops,
          nicolae_shop_crystal, gammafunk_ghost_gnarly_gnolls, kennysheep_nub,
          nicolae_nh_oracle_at_delphi
D:4:      minmay_goblin_kobold_castle, layout_cave_pods
D:5:      layout_basic, reono_crystal_passage, uniq_grinder
D:6:      layout_loops_corners, nicolae_overflow_hallway_of_the_gods,
          minmay_temple_entry_statues_fountains, gammafunk_ghost_hive
D:7:      layout_gridville, serial_shops, shop, shop_fountains,
          guppyfry_shop_venom
D:8:      layout_basic, uniq_maggie
D:9:      layout_basic, david_lair_generic, minmay_quadrilaterals,
          uniq_prince_ribbit1, uniq_psyche
D:10:     layout_basic, david_orc_3, hangedman_misty_isle, uniq_gastronok
Temple:   dshaligram_water_room_temple

Skill      XL: |  1  2  3  4  5  6  7  8  9 10 11 |
---------------+----------------------------------+-----
Summonings     | 5 6 7 8 10 12 13 | 13.8
Dodging        | 3 4 5 6 7 9 10 | 10.8
Spellcasting   | 3 4 5 7 8 |  8.1
Fighting       | 4 6 |  6.7
Stealth        | |  1.8

Action                     |  1- 3 |  4- 6 |  7- 9 | 10-12 || total
---------------------------+-------+-------+-------+-------++-------
  Melee: Dagger            |    13 |       |       |       ||    13
         Unarmed           |     2 |       |       |       ||     2
         War axe           |    16 |    61 |   133 |    96 ||   306
         Punch             |       |       |     3 |     1 ||     4
   Fire: Sling             |    53 |       |       |       ||    53
   Cast: Summon Small Mamm |    14 |     7 |    29 |    10 ||    60
         Call Imp          |       |     4 |    21 |    16 ||    41
         Call Canine Famil |       |     4 |    24 |    26 ||    54
         Summon Lightning  |       |       |     6 |    24 ||    30
 Invoke: Ancestor Life: Kn |       |       |       |     1 ||     1
Ability: Hop               |       |     2 |       |     1 ||     3
    Use: Potion            |       |     2 |       |       ||     2
         Scroll            |       |       |    11 |     3 ||    14
   Stab: Sleeping          |     1 |     1 |     3 |     1 ||     6
 Armour: Robe              |    26 |    40 |   130 |   132 ||   328
  Dodge: Dodged            |    49 |    63 |   168 |   171 ||   451
